 Dungeon Crawl Stone Soup version 0.29-a0-337-g68df138881 (webtiles) character file.

Game seed: 14817902128740542744

98 Dabor the Skirmisher (level 4, -12/41 HPs)
             Began as a Hill Orc Fighter on Apr 16, 2022.
             Killed by an exploding sevenfields's ghost (29 damage)
             ... ignited by their inner flame
             ... on level 3 of the Dungeon.
             The game lasted 00:03:12 (2220 turns).

Dabor the Skirmisher (Hill Orc Fighter)             Turns: 2220, Time: 00:03:13

Health: -12/41     AC: 10    Str: 20    XL:     4   Next: 71%
Magic:  4/4        EV:  9    Int:  8    God:
Gold:   207        SH:  4    Dex: 10    Spells: 3/3 levels left

rFire   . . .      SeeInvis .   a - +0 war axe
rCold   . . .      Faith    .   c - +0 buckler
rNeg    . . .      Spirit   .   b - +0 scale mail
rPois   .          Reflect  .   (no helmet)
rElec   .          Harm     .   (no cloak)
rCorr   .          Rampage  .   s - +2 pair of gloves
Will    .....                   (no boots)
Stlth   ..........              l - amulet of the acrobat
HPRegen 0.13/turn               n - ring of flight
MPRegen 0.09/turn               (no ring)

@: mighty, flying
A: no striking features
a: no special abilities


You were on level 3 of the Dungeon.
You visited 1 branch of the dungeon, and saw 3 of its levels.

You collected 207 gold pieces.

Inventory:

Hand Weapons
 a - a +0 war axe (weapon)
Missiles
 q - 4 boomerangs (quivered)
Armour
 b - a +0 scale mail (worn)
 c - a +0 buckler (worn)
 s - a +2 pair of gloves (worn)
Jewellery
 l - an amulet of the acrobat (around neck)
 n - a ring of flight (left hand)
 o - a ring of ice
Scrolls
 f - a scroll of amnesia
 m - 2 scrolls of identify {unknown}
Potions
 d - a potion of invisibility {unknown}
 h - a potion of attraction {unknown}
 i - a potion of might
 p - a potion of heal wounds {unknown}
 t - a potion of lignification {unknown}


   Skills:
 * Level 4.4 Fighting
 * Level 3.8 Axes
 * Level 4.0 Armour
 + Level 0.2 Dodging
 * Level 4.1 Shields


You had 3 spell levels left.
You didn't know any spells.
Your spell library contained the following spells:

 Spells                   Type           Power      Damage    Failure   Level
 Sublimation of Blood     Necr           0%         N/A       94%         2
 Wereblood                Tmut           0%         N/A       94%         2
 Dispersal                Tloc           0%         N/A       100%        6
 Summon Hydra             Summ           0%         N/A       100%        7
 Disjunction              Tloc           0%         N/A       100%        8


Dungeon Overview and Level Annotations

Branches:
Dungeon (3/15)

Altars:
Dithmenos

Annotations:
D:3 1 runed translucent door, Crazy Yiuf


Message History

Sevenfields's ghost hits you.
You are electrocuted!
You feel very mighty all of a sudden.
Sevenfields's ghost hits you but does no damage.
You miss sevenfields's ghost. Sevenfields's ghost hits you.
You hit sevenfields's ghost but do no damage.
Sevenfields's ghost hits you but does no damage.
You barely miss sevenfields's ghost.
Sevenfields's ghost hits you but does no damage.
You block sevenfields's ghost's attack.
You miss sevenfields's ghost.
Sevenfields's ghost hits you but does no damage.
You miss sevenfields's ghost.
Sevenfields's ghost hits you but does no damage.
You barely miss sevenfields's ghost.
Sevenfields's ghost hits you but does no damage. x2
You are electrocuted!
* * * LOW HITPOINT WARNING * * *
Okay, then.
It was a potion of curing.
You feel better.
Sevenfields's ghost hits you but does no damage.
You closely miss sevenfields's ghost. Sevenfields's ghost closely misses you.
You closely miss sevenfields's ghost.
Sevenfields's ghost hits you but does no damage.
You barely miss sevenfields's ghost.
Sevenfields's ghost hits you but does no damage. x2
You slash sevenfields's ghost!
Flame seeps out of sevenfields's ghost.
Sevenfields's ghost is moderately damaged.
Sevenfields's ghost hits you but does no damage.
You slash sevenfields's ghost!
Flame seeps out of sevenfields's ghost.
Sevenfields's ghost is heavily damaged.
You block sevenfields's ghost's attack.
Sevenfields's ghost wails, "You will join me soon!"
Sevenfields's ghost hits you.
You hit sevenfields's ghost.
Flame seeps out of sevenfields's ghost.
Sevenfields's ghost is severely damaged.
Sevenfields's ghost is engulfed in blazing flames.
Sevenfields's ghost explodes!
The fiery explosion engulfs you!!
Ouch! That really hurt!
You die...

##.#..###.## #.##..#.....#
##....###..#######....#......#
..##.....#......##..###......#
#........######.....# #..)...#
.#####.......######## #......#
.# ##....#...#.8.####......#
.# ###......#.§§#..#..###.# .#
##.....##○###....# #.# .##
##...§§@§§###...###.# ..#
#.##§§§§.###....##.# #.#
######..§§§#§..##....##.#
#.####.......######.......##.#
#..##..##..### #.......##.#
##..#.###.## #.##....##.#
##........# #.##....##.#
....##.#### #.##....##.#
....#..## ##.##.#####.####


There were no monsters in sight!

Vanquished Creatures
  The ghost of sevenfields the Grasshopper, an amateur GnWr of Cheibriados (D:3)
  3 adders
  2 worms
  A dart slug (D:1)
  10 ball pythons
  5 endoplasms
  4 giant cockroaches
  7 hobgoblins
  2 jackals (D:1)
  3 quokkas
  4 bats
  4 frilled lizards
  7 goblins
  5 kobolds
  6 rats
64 creatures vanquished.

Vanquished Creatures (others)
  2 plants (D:3)
  2 withered plants (D:3)
4 creatures vanquished.

Grand Total: 68 creatures vanquished

Notes
Turn   | Place    | Note
-------+----------+-------------------------------------------
     0 | D:1      | Dabor the Hill Orc Fighter began the quest for the Orb.
     0 | D:1      | Reached XP level 1. HP: 19/19 MP: 1/1
    97 | D:1      | Reached XP level 2. HP: 21/27 MP: 2/2
   292 | D:1      | Reached XP level 3. HP: 30/33 MP: 3/3
   728 | D:2      | Found a shadowy altar of Dithmenos.
   829 | D:2      | Reached XP level 4. HP: 40/40 MP: 4/4
  1792 | D:3      | Found a runed translucent door.
  1792 | D:3      | Noticed sevenfields's ghost (amateur GnWr)
  1922 | D:3      | Found a runed translucent door.
  1923 | D:3      | Noticed Crazy Yiuf
  2220 | D:3      | Killed sevenfields's ghost
  2220 | D:3      | Killed by an exploding sevenfields's ghost... ignited by
                  | their inner flame

Illustrated notes

Levels and vault maps discovered:
D:1:      dpeg_arrival_round_b, layout_rooms, st_stairs_1
D:2:      layout_loops_ring, serial_forest, infiniplex_forest_zigzag_2,
          infiniplex_forest_lined_1, infiniplex_forest_join,
          infiniplex_forest_clump_curved, infiniplex_forest_clump_small,
          infiniplex_forest_lined_corner, basic_altar, amethyst_killhole
D:3:      layout_rooms, gammafunk_ghost_grave, serial_bayou_pond_e,
          uniq_crazy_yiuf_cottage

Skill      XL: |  1  2  3  4 |
---------------+-------------+-----
Axes           | 3 |  3.8
Fighting       | 4 |  4.4
Shields        | 4 |  4.1
Armour         | 4 |  4.0
Dodging        | |  0.2

Action                   |  1- 3 |  4- 6 || total
-------------------------+-------+-------++-------
Melee: War axe           |    78 |    63 ||   141
  Use: Potion            |     1 |     2 ||     3
       Scroll            |       |     6 ||     6
Armor: Scale mail        |    34 |    29 ||    63
Dodge: Dodged            |    50 |    34 ||    84
Block: Buckler           |    19 |    13 ||    32

Table legend: (Time is in decaauts)
 A = Elapsed time spent in this place.
 B = Non-inter-level travel time spent in this place.
 C = Inter-level travel time spent in this place.
 D = Time resting spent in this place.
 E = Time spent auto-exploring this place.
 F = Levels seen in this place.
 G = Mean time per level.
                   A        B        C        D        E       F      G
               +--------+--------+--------+--------+--------+-----+--------+
         Total |   2270 |   2229 |     41 |    122 |   1589 |   3 |  756.7 |
       Dungeon |   2270 |   2229 |     41 |    122 |   1589 |   3 |  756.7 |
               +--------+--------+--------+--------+--------+-----+--------+

Top non-repeatable levels by time:
     D:2: 912 daAuts
     D:3: 734 daAuts
     D:1: 623 daAuts
